 Dungeon Crawl Stone Soup version 0.25-a0-317-g5f8687bca5 (webtiles) character file.

Game seed: 10100645349251536870, levelgen mode: deterministic

303 Grimalkyne the Poker (level 6, 0/49 HPs)
             Began as a Merfolk Skald on Dec 26, 2019.
             Was a Follower of Qazlal.
             Succumbed to a worker ant's poison
             ... on level 3 of the Dungeon.
             The game lasted 00:09:54 (3566 turns).

Grimalkyne the Poker (Merfolk Skald)                Turns: 3566, Time: 00:09:54

Health: 0/49       AC:  6    Str: 12    XL:     6   Next: 38%
Magic:  9/9        EV: 11    Int: 13    God:    Qazlal [*.....]
Gold:   143        SH:  1    Dex: 14    Spells: 3/9 levels left

rFire    . . .     SeeInvis .   y - +0 trident
rCold    + . .     Gourm    .   (no shield)
rNeg     . . .     Faith    .   e - +1 ring mail {rC+}
rPois    .         Spirit   .   (no helmet)
rElec    .         Reflect  .   q - scarf {repulsion}
rCorr    .         Harm     .   (no gloves)
MR       +....                  (no boots)
Stlth    +.........             (no amulet)
HPRegen  0.16/turn              c - ring of protection from magic
MPRegen  0.11/turn              (no ring)

@: lethally poisoned (0 -> -5), berserk cooldown, repel missiles
A: change form in water, swift swim, stealthy swim
a: Renounce Religion


You were on level 3 of the Dungeon.
You worshipped Qazlal.
Qazlal was aware of your devotion.
You were hungry.

You visited 1 branch of the dungeon, and saw 4 of its levels.

You collected 143 gold pieces.

Inventory:

Hand Weapons
 y - a +0 trident (weapon)
Missiles
 i - 166 stones (quivered)
Armour
 b - a +0 leather armour
 e - a +1 ring mail of cold resistance (worn)
 q - a scarf of repulsion (worn)
Jewellery
 c - a ring of protection from magic (left hand)
 l - an uncursed amulet of rage {unknown}
 m - an uncursed amulet of the gourmand {unknown}
 s - an uncursed ring of poison resistance {unknown}
 v - an uncursed amulet of faith {unknown}
Scrolls
 h - 2 scrolls of remove curse
 k - a scroll of magic mapping
 p - 2 scrolls of teleportation
 u - a scroll of identify {unknown}
 w - a scroll of enchant weapon {unknown}
Potions
 f - a potion of might
 n - a potion of resistance
 o - 2 potions of curing {unknown}
 r - a potion of lignification {unknown}
 t - a potion of flight {unknown}
Comestibles
 d - 7 rations


   Skills:
 + Level 4.4 Fighting
 + Level 6.3 Polearms
 - Level 0.6 Armour
 - Level 2.6 Dodging
 - Level 2.0 Spellcasting
 - Level 3.0 Hexes
 - Level 3.3 Charms


You had 3 spell levels left.
You knew the following spells:

 Your Spells              Type           Power        Failure   Level  Hunger
a - Infusion              Chrm           #...         16%         1    ##.....
b - Shroud of Golubria    Chrm/Tloc      #.....       41%         2    ###....
c - Spectral Weapon       Hex/Chrm       #.......     43%         3    ####...

Your spell library contained the following spells:

 Spells                   Type           Power        Failure   Level  Hunger
 Song of Slaying          Chrm           #.......     22%         2    ###....
 Regeneration             Chrm/Necr      #.........   65%         3    ####...


Dungeon Overview and Level Annotations

Branches:
Dungeon (4/15)
 Temple: D:4-7

Altars:
Qazlal
The Shining One


Message History

The worker ant bites you but does no damage.
You puncture the worker ant!
You kill the worker ant!
Qazlal accepts your kill.
* * * LOW HITPOINT WARNING * * *
You feel sick.
Things that are here:
a +0 mace; a +0 spear; an orc corpse You feel a strong urge to attack something.
* * * LOW HITPOINT WARNING * * *
You feel sick.
You are too berserk!
You feel your anger nearly subside.
You are no longer berserk.
You are exhausted.
You feel yourself slow down.
It was a potion of cancellation.
Your magical effects are unravelling.
You feel magically purged.
You feel yourself speed up.
You die...

.# ######.............# .#
#...÷........#####.# .#
##.####.#####.#####.####
.######...###.####...........#
..#.....#...>.............(..#
..#..##...##†[......#####.#..#
.....###.####>###.### #.#..#
..#.## #.# #)###.#######.#..#
....####.# #...@.........#..#
.##......# #####.#########..#
.##.######## #.# #..# .##.##
##.######.# #..#
.#...####.........# #..####
..#.#.##.....############
#......
.##.#........<..........#
######.
......#......##########.# #)
.##.##.##...## #.# #.


There were no monsters in sight!

Vanquished Creatures
  A scorpion (D:4)
  2 orc priests
  2 orc wizards
  2 worker ants (D:3)
  2 adders
  2 oozes
  An adder skeleton (D:4)
  A worm (D:2)
  2 leopard geckos
  3 orcs
  8 bats
  5 giant cockroaches
  8 goblins
  8 hobgoblins
  3 jackals (D:4)
  2 ball pythons (D:3)
  2 frilled lizards
  5 kobolds
  2 rats
61 creatures vanquished.

Notes
Turn   | Place    | Note
-------+----------+-------------------------------------------
     0 | D:1      | Grimalkyne the Merfolk Skald began the quest for the Orb.
     0 | D:1      | Reached XP level 1. HP: 16/16 MP: 3/3
   242 | D:1      | Reached skill level 4 in Polearms
   242 | D:1      | Reached XP level 2. HP: 22/22 MP: 5/5
   266 | D:1      | Learned a level 2 spell: Shroud of Golubria
   573 | D:2      | Found a stormy altar of Qazlal.
   667 | D:2      | Reached skill level 5 in Polearms
   667 | D:2      | Reached XP level 3. HP: 21/27 MP: 6/6
   673 | D:2      | Learned a level 3 spell: Spectral Weapon
  1193 | D:2      | Found a glowing golden altar of the Shining One.
  1384 | D:2      | Became a worshipper of Qazlal Stormbringer
  1442 | D:3      | Reached skill level 1 in Hexes
  1496 | D:3      | Reached XP level 4. HP: 32/34 MP: 7/7
  2112 | D:4      | Reached XP level 5. HP: 29/41 MP: 8/8
  2341 | D:4      | Found a stormy altar of Qazlal.
  2379 | D:4      | Reached * piety under Qazlal
  2469 | D:3      | HP: 2/42 [poisoned by an adder]
  2477 | D:3      | HP: 1/42 [poisoned by an adder]
  3465 | D:3      | Reached skill level 6 in Polearms
  3465 | D:3      | Reached XP level 6. HP: 36/48 MP: 9/9
  3560 | D:3      | HP: 3/73 [poisoned by a worker ant]
  3566 | D:3      | Succumbed to a worker ant's poison

Levels and vault maps discovered:
D:1:      minmay_arrival_three_doors, layout_basic, chequers_jeans,
          minmay_misc_feat_secret_circle
D:2:      layout_rooms, tso_oasis_becter, nicolae_overflow_crystal_walls,
          first_ration, st_stairs_14
D:3:      layout_loops_ring
D:4:      layout_rooms, minitemple, kennysheep_little_box, grunt_ministairs_15,
          st_stairs_11, nicolae_qazlal_general_emergency

Skill      XL: |  1  2  3  4  5 |
---------------+----------------+-----
Polearms       | 4 5 6 |  6.3
Hexes          | 1 2 3 |  3.0
Fighting       | 3 4 |  4.4
Armour         | |  0.6
Dodging        | |  2.6
Spellcasting   | |  2.0
Charms         | |  3.3

Action                   |  1- 3 |  4- 6 || total
-------------------------+-------+-------++-------
Melee: Spear             |   177 |   154 ||   331
       Trident           |       |    20 ||    20
Throw: Stone             |     3 |       ||     3
  Use: Scroll            |       |     5 ||     5
       Potion            |       |     3 ||     3
  Eat: Chunk             |     2 |     6 ||     8
Armor: Ring mail         |    40 |    58 ||    98
       Leather armour    |     4 |       ||     4
Dodge: Dodged            |    81 |   116 ||   197
       Deflected         |       |     8 ||     8
Block: Other             |       |     6 ||     6

Table legend:
 A = Non-vault XP
 B = Vault XP
 C = Vault XP percentage of total XP
 D = Non-vault monster count
 E = Vault monster count
 F = Vault count percentage of total count
                 A         B        C        D         E       F
            +---------+---------+-------+---------+---------+-------
      Total |     332 |     102 |  23.5 |      54 |       7 |  11.5
            +---------+---------+-------+---------+---------+-------
        D:1 |      26 |       0 |   0.0 |      11 |       0 |   0.0
        D:2 |      37 |       3 |   7.5 |      13 |       1 |   7.1
        D:3 |     191 |      16 |   7.7 |      25 |       2 |   7.4
        D:4 |      78 |      83 |  51.6 |       5 |       4 |  44.4
            +---------+---------+-------+---------+---------+-------
